 Dungeon Crawl Stone Soup version 0.31-a0-175-g9f7f995f2b (webtiles) character file.

Game seed: 17527890957681245574

25 Moral the Magician (level 2, -5/19 HPs)
             Began as a Mummy Enchanter on June 18, 2023.
             Slain by a cerulean imp
             ... wielding a +2 spear
             ... summoned by Natasha
              (6 damage)
             ... on level 2 of the Dungeon.
             The game lasted 00:03:03 (1151 turns).

Moral the Magician (Mummy Enchanter)                Turns: 1151, Time: 00:03:03

Health: -5/19      AC:  2    Str: 11    XL:     2   Next: 86%
Magic:  5/6        EV: 12    Int: 14    God:
Gold:   98         SH:  0    Dex: 12    Spells: 5/7 levels left

rFire   x . .        a - +1 dagger
rCold   + . .        (no shield)
rNeg    + + +        b - +0 robe
rPois   ∞            (no helmet)
rElec   .            (no cloak)
rCorr   .            (no gloves)
SInv    .            (no boots)
Will    .....        (no amulet)
Stlth   ++           (no ring)
HPRegen 0.23/turn    (no ring)
MPRegen 0.10/turn

%: faith
@: about to teleport, slowed, very slow
A: cold resistance 1, negative energy resistance 3, torment resistance 2, heat
vulnerability 1, no potions, faith
a: no special abilities


You were on level 2 of the Dungeon.
You visited 1 branch of the dungeon, and saw 2 of its levels.

You collected 98 gold pieces.

Inventory:

Hand Weapons
 a - a +1 dagger (weapon)
Armour
 b - a +0 robe (worn)
Jewellery
 j - a ring of resist corrosion
Scrolls
 f - a scroll of identify
 g - a scroll of amnesia {unknown}
 h - a scroll of revelation {unknown}
 i - a scroll of fog {unknown}
Potions
 e - a potion of curing {unknown}


   Skills:
 + Level 1.2 Short Blades
 + Level 1.9 Dodging
 + Level 2.6 Stealth
 + Level 3.1 Spellcasting
 + Level 2.9 Hexes


You had 5 spell levels left.
You knew the following spells:

 Your Spells              Type           Power      Damage    Failure   Level
a - Ensorcelled Hibernat  Hex/Ice        12%        N/A       17%         2

Your spell library contained the following spells:

 Spells                   Type           Power      Damage    Failure   Level
 Confusing Touch          Hex            10%        N/A       19%         3
 Tukima's Dance           Hex            10%        N/A       19%         3
 Poisonous Vapours        Pois/Air       4%         N/A       32%         2
 Dazzling Flash           Conj/Hex       12%        N/A       34%         3
 Mephitic Cloud           Conj/Pois/Air  2%         N/A       54%         3
 Freezing Cloud           Conj/Ice/Air   1%         6-21      99%         5


Dungeon Overview and Level Annotations

Branches:
Dungeon (2/15)

Altars:

Annotations:
D:2 Natasha


Innate Abilities, Weirdness & Mutations

You are immune to poison.
Your flesh is cold resistant. (rC+)
You are immune to negative energy. (rN+++)
You are immune to unholy pain and torment.
You are vulnerable to heat. (rF-)
You do not drink.
You have a special connection with the divine. (Faith)


Message History

Aiming: Ensorcelled Hibernation (safe; 17% risk of failure)
Press: ? - help, Shift-Dir - straight line, f - Natasha
Aim: Natasha (chance to affect: 39%) Natasha resists with some effort.
Natasha closely misses you.
Casting: Ensorcelled Hibernation (safe; 17% risk of failure)
Confirm with . or Enter, or press ? or * to list all spells.
Aiming: Ensorcelled Hibernation (safe; 17% risk of failure)
Press: ? - help, Shift-Dir - straight line, f/p - Natasha
Aim: Natasha (chance to affect: 39%) Natasha resists with some effort.
Natasha claws you!
You hit Natasha but do no damage. Natasha barely misses you.
You barely miss Natasha. Natasha claws you.
You hit Natasha but do no damage. Natasha misses you.
You hit Natasha but do no damage. Natasha casts a spell at you.
The magic dart hits you!
* * * LOW HITPOINT WARNING * * *
You closely miss Natasha. Your punch misses Natasha.
Natasha completely misses you.
As you read the scroll labelled BUHUWUDWEA, it crumbles to dust.
It is a scroll of identify.
c - a scroll of blinking Blink to where?
Press: ? - help, Dir - move target, p - Natasha
As you read the scroll of blinking, it crumbles to dust.
Natasha casts a spell at you.
You feel yourself slow down. Natasha attacks as you move away!
Natasha closely misses you.
Natasha mumbles some strange words.
Natasha casts a spell at you. The magic dart hits you.
* * * LOW HITPOINT WARNING * * *
The cerulean imp attacks as you move away!
The cerulean imp hits you with a +2 spear.
* * * LOW HITPOINT WARNING * * *
The cerulean imp hits you from afar with a +2 spear.
* * * LOW HITPOINT WARNING * * *
As you read the scroll labelled LAWOCZ RISCHYS, it crumbles to dust.
You feel strangely unstable.
It was a scroll of teleportation.
The cerulean imp hits you from afar with a +2 spear.
You die...

....# .........#
....# #####....#
....# . #....##
..(..# .. #.....###
. ....... ...###
###.#...# ...
....##. ......#
#.###.#..... ....#
....#..###.......#
....
.##....).#..##.##..#
#...
.......@h...##... ##
.#
..#####..5...#..###
..#
.......##...#....#
.#
..####......##.#.#
.. ######....#.####
. #.........#
###...#.#.#
#..#.#.#.###
#...........


You could see Natasha and a cerulean imp (summoned).

Vanquished Creatures
  A dart slug (D:1)
  4 bats (D:1)
  A giant cockroach (D:1)
  2 goblins (D:1)
  3 hobgoblins (D:1)
  A quokka (D:1)
  3 ball pythons (D:1)
  A frilled lizard (D:1)
  4 kobolds
  4 rats (D:1)
24 creatures vanquished.

Notes
Turn   | Place    | Note
-------+----------+-------------------------------------------
     0 | D:1      | Moral the Mummy Enchanter began the quest for the Orb.
     0 | D:1      | Reached XP level 1. HP: 13/13 MP: 4/4
   226 | D:1      | Reached skill level 1 in Short Blades
   283 | D:1      | Reached XP level 2. HP: 12/19 MP: 5/5
   519 | D:1      | Reached skill level 3 in Spellcasting
   966 | D:1      | Learned a level 2 spell: Ensorcelled Hibernation
   968 | D:1      | You fall into a shaft and drop 1 floor!
  1121 | D:2      | Noticed Natasha
  1151 | D:2      | Slain by a cerulean imp

Illustrated notes

Levels and vault maps discovered:
D:1:      dpeg_arrival_oval, layout_basic
D:2:      layout_rooms, uniq_sigmund, uniq_natasha

Skill      XL: |  1  2 |
---------------+-------+-----
Short Blades   | 1 |  1.2
Spellcasting   | 3 |  3.1
Dodging        | |  1.9
Stealth        | |  2.6
Hexes          | |  2.9

Action                     || total
---------------------------++-------
  Melee: Dagger            ||   101
         Punch             ||     3
   Cast: Ensorcelled Hiber ||     3
    Use: Scroll            ||     3
   Stab: Sleeping          ||     7
 Armour: Robe              ||    17
  Dodge: Dodged            ||    70

Table legend: (Time is in decaauts)
 A = Elapsed time spent in this place.
 B = Non-inter-level travel time spent in this place.
 C = Inter-level travel time spent in this place.
 D = Time resting spent in this place.
 E = Time spent auto-exploring this place.
 F = Levels seen in this place.
 G = Mean time per level.
                   A        B        C        D        E       F      G
               +--------+--------+--------+--------+--------+-----+--------+
         Total |   1148 |   1148 |      0 |     10 |    760 |   2 |  574.0 |
       Dungeon |   1148 |   1148 |      0 |     10 |    760 |   2 |  574.0 |
               +--------+--------+--------+--------+--------+-----+--------+

Top non-repeatable levels by time:
     D:1: 963 daAuts
     D:2: 185 daAuts
